 Dungeon Crawl Stone Soup version 0.31-a0-845-g9abc20d24f (webtiles) character file.

Game seed: 4610630921374145649

85 avis the Changeling (level 4, 21/21 HPs)
             Began as a Felid Shapeshifter on Oct 2, 2023.
             Got out of the dungeon alive.
             The game lasted 00:10:58 (2314 turns).

avis the Changeling (Felid Shapeshifter)            Turns: 2314, Time: 00:10:58

Health: 21/21      AC:  1    Str: 12    XL:     4   Next: 25%
Magic:  5/5        EV: 17    Int: 17    God:
Gold:   207        SH:  0    Dex: 15    Spells: 3/3 levels left
                                        Lives:  1   Deaths: 1

rFire   . .          .
                       - Unarmed
rCold   + . .        (shield unavailable)
rNeg    . . .        (body armour unavailable)
rPois   .            (helmet unavailable)
rElec   .            (cloak unavailable)
rCorr   .            (gloves unavailable)
SInv    +            (boots unavailable)
Will    .....        (no amulet)
Stlth   ++           k - ring of protection from cold
HPRegen 0.23/turn    n - +6 ring of intelligence
MPRegen 0.09/turn

%: no passive effects
@: beast-form, quick
A: beast (slay +2), very small, claws 1, fangs 3, see invisible, speed 1, shaggy
fur 1, stealthy paws, no weapons or thrown items, no armour, multi-lived
a: Begin Untransformation


You escaped.
You were a hulking beast.
You visited 1 branch of the dungeon, and saw 3 of its levels.

You collected 207 gold pieces.

Inventory:

Jewellery
 k - a ring of protection from cold (left paw)
 n - a +6 ring of intelligence (right paw)
 o - a ring of ice
Talismans
 b - a beast talisman (active)
 c - a flux talisman
 q - a maw talisman
Scrolls
 e - 4 scrolls of identify {unknown}
 f - a scroll of fog {unknown}
 h - a scroll of teleportation {unknown}
 i - a scroll of silence {unknown}
 j - a scroll of poison {unknown}
 l - a scroll of vulnerability {unknown}
 p - a scroll of enchant weapon {unknown}
 r - a scroll of acquirement {unknown}
Potions
 a - 2 potions of lignification
 d - a potion of enlightenment {unknown}
 g - a potion of haste {unknown}
 m - 2 potions of degeneration {unknown}


   Skills:
 - Level 3.0 Fighting
 * Level 3.2 Dodging
 - Level 3.0 Stealth
 - Level 3.0 Unarmed Combat
 - Level 3.5 Shapeshifting


You had 3 spell levels left.
You didn't know any spells.
Your spell library contained the following spells:

 Spells                   Type           Power      Damage    Failure   Level
 Apportation              Tloc           0%         N/A       24%         1
 Jinxbite                 Hex            0%         N/A       34%         2
 Lesser Beckoning         Tloc           0%         N/A       34%         2
 Call Canine Familiar     Summ           0%         N/A       56%         3
 Gell's Gravitas          Tloc           0%         N/A       56%         3
 Sigil of Binding         Hex            0%         N/A       56%         3
 Teleport Other           Tloc           0%         N/A       56%         3
 Leda's Liquefaction      Hex/Erth       0%         N/A       93%         4
 Alistair's Intoxication  Tmut/Pois      0%         N/A       100%        5
 Dimensional Bullseye     Hex/Tloc       Unusable   N/A       N/A         4

Dungeon Overview and Level Annotations

Branches:
Dungeon (3/15)

Altars:
Makhleb
Sif Muna


Innate Abilities, Weirdness & Mutations

You are a hulking beast.
Your limbs bulge with bestial killing power. (Slay +2)
You have sharp claws.
You have razor-sharp teeth.
You have supernaturally acute eyesight. (SInv)
You cover ground quickly. (Speed+)
You are covered in fur. (AC +1)
Your paws help you pounce on unaware monsters.
You are incapable of wielding weapons or throwing items.
You cannot wear armour.
You gain extra lives every three experience levels.


Message History

You claw the gnoll!
The gnoll is almost dead.
The gnoll closely misses you.
You barely miss the gnoll.
The gnoll is almost dead.
The gnoll misses you.
You scratch the gnoll.
You kill the gnoll!
Training target 3.0 for Stealth reached!
Your Stealth skill increases to level 3!
You need to enable at least one skill for training.
You start resting.
HP restored.
You see here a +0 spear.
The gnoll shouts!
The gnoll shouts!
You scratch the gnoll. Your bite misses the gnoll.
The gnoll is moderately wounded.
The gnoll hits you with a +0 flail!
You closely miss the gnoll. You bite the gnoll.
The gnoll is heavily wounded.
The gnoll misses you.
You scratch the gnoll.
The gnoll is heavily wounded.
The gnoll hits you with a +0 flail.
You scratch the gnoll but do no damage.
The gnoll is heavily wounded.
The gnoll hits you with a +0 flail!
You die...
Your shape twists and changes as you die.
You rejoin the land of the living...
There is a stone staircase leading up here.
You climb upwards.
There is a stone staircase leading down here.
There is a stone staircase leading up here.
You climb upwards.
There is a stone staircase leading down here.
There is a staircase leading out of the dungeon here.
Alright, then stay!
You have escaped!

...# #####.##########.###.#
...### #.............##)# #.#
.....### #.............##.# #.#
..##...###..#####.###..##.# #.#
..####..##..#.......#..##.###.#
### ##.....#.......#..##.....#
..# ####..#...)......##.#####
..# #..#.......#..##.# ..#
#..#...h...#..##.# ..#
#..........#..##.# ..#
#..#.).....#....†# ###
#..#.......#..##.# #
#..###.#####..##.##### #
#.............##.....# #
#.......^.....##.###.###
#########.######.# #.#..
####.######>###.#.#


There were no monsters in sight!

Vanquished Creatures
  2 gnolls
  An adder (D:2)
  A worm (D:2)
  A dart slug (D:1)
  An orc (D:3)
  3 bats (D:1)
  5 endoplasms
  3 giant cockroaches
  10 goblins
  A hobgoblin (D:2)
  3 jackals (D:3)
  3 kobolds
  3 quokkas
  3 ball pythons (D:1)
  A frilled lizard (D:3)
  5 rats
46 creatures vanquished.

Notes
Turn   | Place    | Note
-------+----------+-------------------------------------------
     0 | D:1      | avis the Felid Shapeshifter began the quest for the Orb.
     0 | D:1      | Reached XP level 1. HP: 9/9 MP: 2/2
   108 | D:1      | Reached skill level 1 in Stealth
   108 | D:1      | Reached XP level 2. HP: 13/13 MP: 3/3
   294 | D:1      | Reached XP level 3. HP: 14/16 MP: 4/4
   431 | D:1      | Found a faded altar of an unknown god.
  1317 | D:3      | Reached XP level 4. HP: 21/21 MP: 5/5
  1505 | D:3      | Found a burning altar of Makhleb.
  1849 | D:3      | Found a shimmering blue altar of Sif Muna.
  2233 | D:3      | Slain by a gnoll
  2314 | D:$      | Got out of the dungeon alive.

Illustrated notes

Levels and vault maps discovered:
D:1:      lemuel_arrival_room, layout_basic, shapermc_ecumenical_altar_acropolis
D:2:      layout_basic
D:3:      layout_basic, mainiacjoe_overflow_boulevard, bloody_makhleb,
          minmay_misc_feat_cross, minmay_misc_feat_tower,
          roderic_serpentine_path

Skill      XL: |  1  2  3  4 |
---------------+-------------+-----
Fighting       | 2 3 |  3.0
Dodging        | 3 |  3.2
Stealth        | 1 2 3 |  3.0
Unarmed Combat | |  3.0
Shapeshifting  | |  3.5

Action                     |  1- 3 |  4- 6 || total
---------------------------+-------+-------++-------
  Melee: Unarmed           |    73 |    28 ||   101
         Bite              |     7 |     2 ||     9
         Punch             |     1 |       ||     1
   Stab: Sleeping          |     6 |       ||     6
 Armour: Skin              |    16 |     8 ||    24
  Dodge: Dodged            |    27 |    15 ||    42

Table legend: (Time is in decaauts)
 A = Elapsed time spent in this place.
 B = Non-inter-level travel time spent in this place.
 C = Inter-level travel time spent in this place.
 D = Time resting spent in this place.
 E = Time spent auto-exploring this place.
 F = Levels seen in this place.
 G = Mean time per level.
                   A        B        C        D        E       F      G
               +--------+--------+--------+--------+--------+-----+--------+
         Total |   1921 |   1625 |    296 |    110 |    905 |   3 |  640.3 |
       Dungeon |   1921 |   1625 |    296 |    110 |    905 |   3 |  640.3 |
               +--------+--------+--------+--------+--------+-----+--------+

Top non-repeatable levels by time:
     D:2: 710 daAuts
     D:3: 647 daAuts
     D:1: 563 daAuts
